 Dungeon Crawl Stone Soup version 0.18.1-5-g4a78601 (webtiles) character file.

116 jacquesderrida the Poker (level 4, 0/33 HPs)
             Began as a Demonspawn Skald on May 14, 2016.
             Succumbed to a water moccasin's poison
             ... on level 5 of the Dungeon.
             The game lasted 00:05:39 (1485 turns).

jacquesderrida the Poker (Demonspawn Skald)         Turns: 1485, Time: 00:05:40

Health: 0/33       AC:  6    Str: 12    XL:     4   Next: 69%
Magic:  7/7        EV: 16    Int: 14    God:
Gold:   58         SH:  0    Dex: 18    Spells: 2 memorised, 3 levels left

rFire  . . .     SeeInvis .     c - book of Battle
rCold  . . .     Gourm    .     b - +0 leather armour
rNeg   . . .     Faith    .     (no shield)
rPois  .         Spirit   .     h - +0 helmet
rElec  .         Dismiss  .     (no cloak)
rCorr  .         Reflect  .     (no gloves)
SustAt .         Harm     .     (no boots)
MR     .....     Rnd*Tele +     (no amulet)
Stlth  ++........               (no ring)
                                o - ring of teleportation (curse)

@: agile, lethally poisoned (0 -> -1), very slightly contaminated, hasted, very
quick, not resistant to hostile enchantments, unstealthy
A: slimy green scales 1, powered by death 2
a: no special abilities


You were on level 5 of the Dungeon.
You were hungry.

You visited 1 branch of the dungeon, and saw 6 of its levels.

You collected 58 gold pieces.

Inventory:

Hand Weapons
 a - a +0 spear
Armour
 b - a +0 leather armour (worn)
 h - a +0 helmet (worn)
 p - the +5 ring mail "Zass" {rC+ Regen+, unknown}
   (You found it on level 5 of the Dungeon)

   It protects you from cold.
   It increases your rate of regeneration.
Jewellery
 o - a cursed ring of teleportation (left hand)
Wands
 l - a wand of flame (25/48)
Scrolls
 e - a scroll of amnesia
 f - a scroll of identify
Books
 c - a book of Battle (in hand)

   Spells                             Type                      Level
   a - Infusion                       Charms                       1
   b - Shroud of Golubria             Charms/Translocation         2
   c - Song of Slaying                Charms                       2
   d - Spectral Weapon                Hexes/Charms                 3
   e - Regeneration                   Charms/Necromancy            3
Miscellaneous
 g - a plain deck of war
Comestibles
 d - a bread ration
 i - 2 meat rations
 k - 2 beef jerkies
 n - a fruit


   Skills:
 - Level 2.0 Fighting
 + Level 4.1 Polearms
 - Level 0.8 Armour
 - Level 0.8 Dodging
 - Level 2.0 Spellcasting
 + Level 1.1 Hexes
 - Level 2.9 Charms


You had 3 spell levels left.
You knew the following spells:

 Your Spells              Type           Power        Failure   Level  Hunger
a - Infusion              Chrm           #...         12%         1    ##.....
b - Spectral Weapon       Hex/Chrm       #.......     38%         3    ####...


Dungeon Overview and Level Annotations

Branches:
Dungeon (6/15)
 Temple: D:4-7

Altars:
Makhleb
Nemelex Xobeh
Qazlal

Annotations:
D:5 Edmund


Innate Abilities, Weirdness & Mutations

You are partially covered in slimy green scales (AC +2).
You regenerate health from kills.


Message History

Found 18 stones.
* * * LOW HITPOINT WARNING * * *
You feel sick.
Found a scale mail.
The adder bites you.
* * * LOW HITPOINT WARNING * * *
There is a stone staircase leading up here.
You climb upwards.
Level annotation: Edmund
There is a stone staircase leading down here.
You aren't carrying any potions.
Wield which item (- for none, * to show all)? (? for menu, Esc to quit)
c - a book of Battle (in hand)
* * * LOW HITPOINT WARNING * * *
You feel sick.
There is a lethal amount of poison in your body!
Unknown command.
You are feeling hungry.
Unknown command.
You die...

)#......#
###.#.###...##.#
...#'##########.#.......#
...
...#...................##
###
####.######.#####...##.#
# #...# #.#####...##.# #
###.# #.##...#.[...#
#.####.##...##.####
######......##...##.#
................@##.#
#.####.........##.#
#...........##.# . #
#......##...##.# .
#.##......####....#
#.^'......# ####.#
####......# #.#
###......# #>#
#........### #.#


There were no monsters in sight!

Vanquished Creatures
  2 orc priests (D:4)
  A worker ant (D:5)
  A giant gecko (D:4)
  4 orcs
  4 giant cockroaches
  4 goblins
  2 jackals (D:1)
  A quokka (D:5)
  3 bats (D:2)
  2 giant newts (D:4)
  3 kobolds
  4 rats
31 creatures vanquished.

Vanquished Creatures (others)
  An orc (D:4)
1 creature vanquished.

Grand Total: 32 creatures vanquished

Notes
Turn   | Place    | Note
--------------------------------------------------------------
     0 | D:1      | jacquesderrida the Demonspawn Skald began the quest for the Orb.
     0 | D:1      | Reached XP level 1. HP: 16/16 MP: 3/3
    44 | D:1      | Reached skill level 2 in Polearms
   130 | D:1      | Gained mutation: You regenerate a little health from kills. [demonic ancestry]
   130 | D:1      | Reached XP level 2. HP: 7/22 MP: 5/5
   499 | D:2      | Found a burning altar of Makhleb.
   499 | D:2      | Noticed a blizzard demon
   699 | D:2      | Found a stormy altar of Qazlal.
   893 | D:3      | Found a sparkling altar of Nemelex Xobeh.
  1105 | D:4      | Reached skill level 3 in Polearms
  1105 | D:4      | Gained mutation: You regenerate health from kills. [demonic ancestry]
  1105 | D:4      | Reached XP level 3. HP: 24/27 MP: 0/6
  1113 | D:4      | Gained mutation: You are partially covered in slimy green scales (AC +2). [demonic ancestry]
  1113 | D:4      | Reached XP level 4. HP: 32/33 MP: 0/7
  1164 | D:4      | Reached skill level 4 in Polearms
  1178 | D:4      | Learned a level 3 spell: Spectral Weapon
  1194 | D:4      | Found a sparkling altar of Nemelex Xobeh.
  1203 | D:5      | Entered Level 5 of the Dungeon
  1282 | D:5      | Noticed an ogre
  1332 | D:5      | Reached skill level 1 in Hexes
  1398 | D:5      | Got a slimy ring mail
  1431 | D:5      | Noticed Edmund
  1436 | D:6      | Noticed a water moccasin
  1479 | D:5      | HP: 1/33 [poisoned by a water moccasin]
  1485 | D:5      | Succumbed to a water moccasin's poison

Skill      XL: |  1  2  3  4 |
---------------+-------------+-----
Polearms       | 2 3 4 |  4.1
Hexes          | 1 |  1.1
Fighting       | |  2.0
Armour         | |  0.8
Dodging        | |  0.8
Spellcasting   | |  2.0
Charms         | |  2.9

Action                   |  1- 3 |  4- 6 || total
-------------------------+-------+-------++-------
Melee: Spear             |   112 |    30 ||   142
 Cast: Infusion          |     2 |       ||     2
       Spectral Weapon   |       |     1 ||     1
  Use: Scroll            |     5 |       ||     5
       Potion            |     4 |     3 ||     7
 Stab: Invisible         |     3 |       ||     3
       Sleeping          |       |     1 ||     1
  Eat: Chunk             |     1 |     1 ||     2
Armor: Leather armour    |    25 |    11 ||    36
Dodge: Dodged            |    63 |    20 ||    83
